 Dungeon Crawl Stone Soup version 0.26.1-2-gb8aa6d0cf2 (webtiles) character file.

Game seed: 9935977980483686140

263 jmmainvi the Chucker (level 5, -15/53 HPs)
             Began as a Troll Hunter on Feb 13, 2021.
             Demolished by Pikel
             ... wielding a +2 whip of electrocution
              (17 damage)
             ... on level 4 of the Dungeon.
             The game lasted 00:06:25 (3956 turns).

jmmainvi the Chucker (Troll Hunter)                 Turns: 3956, Time: 00:06:26

Health: -15/53     AC:  6    Str: 20    XL:     5   Next: 98%
Magic:  4/4        EV: 10    Int:  7    God:
Gold:   166        SH:  0    Dex: 11    Spells: 4/4 levels left

rFire    . . .     SeeInvis .     - Unarmed
rCold    . . .     Faith    .   (no shield)
rNeg     . . .     Spirit   .   b - +0 robe
rPois    .         Reflect  .   (helmet restricted)
rElec    .         Harm     .   (no cloak)
rCorr    .         Rampage  .   (gloves unavailable)
Will     .....                  (boots unavailable)
Stlth    +.........             (no amulet)
HPRegen  0.57/turn              (no ring)
MPRegen  0.09/turn              (no ring)

@: brilliant
A: large, unfitting armour, claws 3, regeneration 1, shaggy fur 1, tough skin 3
a: no special abilities


You were on level 4 of the Dungeon.
You visited 1 branch of the dungeon, and saw 5 of its levels.

You collected 166 gold pieces.

Inventory:

Missiles
 c - 5 large rocks (quivered)
 d - 2 throwing nets
 i - 3 atropa-tipped darts
 k - 265 stones
 l - 10 sling bullets
 o - 2 javelins
Armour
 b - a +0 robe (worn)
Jewellery
 f - a +6 ring of dexterity {unknown}
Wands
 s - a wand of digging (12)
 w - a wand of flame (12)
Scrolls
 e - 4 scrolls of remove curse {unknown}
 g - 2 scrolls of enchant armour {unknown}
 j - a scroll of identify {unknown}
 q - a scroll of amnesia {unknown}
 r - 4 scrolls of enchant weapon {unknown}
 t - a scroll of fog {unknown}
 u - 3 scrolls of magic mapping {unknown}
Potions
 a - a potion of invisibility {unknown}
 h - 2 potions of curing
 m - a potion of brilliance
 n - 2 potions of heal wounds {unknown}
 p - a potion of ambrosia {unknown}
 v - a potion of lignification {unknown}


   Skills:
 + Level 3.2 Fighting
 + Level 4.8 Throwing
 - Level 1.5 Dodging
 - Level 0.3 Stealth
 + Level 3.1 Unarmed Combat


You had 4 spell levels left.
You didn't know any spells.
Your spell library was empty.

Dungeon Overview and Level Annotations

Branches:
Dungeon (5/15)
 Temple: D:4-7

Altars:
Ashenzari
Elyvilon
Kikubaaqudgha
Makhleb
Yredelemnul

Annotations:
D:3 2 transporters, Menkaure
D:4 Pikel


Innate Abilities, Weirdness & Mutations

You are too large for most types of armour.
You have claws for hands.
Your natural rate of healing is unusually fast.
You are covered in fur. (AC +1)
You have extremely tough skin. (AC +3)


Message History

Pikel is moderately wounded.
Pikel hits you with a +2 whip of electrocution!
The lemure barely misses you.
You claw Pikel!
Pikel is heavily wounded.
The lemure hits you. Pikel misses you. The lemure completely misses you.
It was a potion of brilliance.
You feel clever all of a sudden. The lemure hits you!
Pikel hits you with a +2 whip of electrocution.
* * * LOW HITPOINT WARNING * * *
The lemure hits you.
* * * LOW HITPOINT WARNING * * *
You claw Pikel!
Pikel is severely wounded.
The lemure barely misses you.
Pikel hits you with a +2 whip of electrocution.
* * * LOW HITPOINT WARNING * * *
You are electrocuted!
You die...

##......## ##..##
##..###...####..##
##..## #........##
##..## #.......##
#..## #..#....#
..## ##.#....# .##
#.#....## .#
###...5.##### .##
##....@K...###
..##
#.....5......##
...####
#....######...#
##....### #....#
##..#
###....###....##
#..##
###...###....#
##..# #...#
##...## #..##
#...# ##...##
##..## #...#
###...### ##..##


You could see Pikel and 2 lemures.

Vanquished Creatures
  2 hounds (D:4)
  11 adders
  An ufetubus (D:4)
  An ooze (D:4)
  An adder skeleton (D:3)
  3 worms
  2 dart slugs
  2 leopard geckos
  2 orcs
  2 ball pythons
  4 giant cockroaches
  9 goblins
  6 hobgoblins
  8 jackals
  11 kobolds
  8 bats
  7 frilled lizards
  9 rats
89 creatures vanquished.

Notes
Turn   | Place    | Note
-------+----------+-------------------------------------------
     0 | D:1      | jmmainvi the Troll Hunter began the quest for the Orb.
     0 | D:1      | Reached XP level 1. HP: 19/19 MP: 0/0
   202 | D:1      | Reached XP level 2. HP: 28/28 MP: 1/1
   307 | D:1      | You fall into a shaft and drop 1 floor!
   420 | D:2      | Reached skill level 1 in Unarmed Combat
   565 | D:2      | Found a faded altar of an unknown god.
   580 | D:2      | Reached XP level 3. HP: 32/35 MP: 2/2
   606 | D:2      | Reached skill level 4 in Throwing
   828 | D:2      | Found a burning altar of Makhleb.
   835 | D:2      | Found a broken altar of Ashenzari.
   939 | D:2      | Reached XP level 4. HP: 44/44 MP: 3/3
  2205 | D:3      | Found a transporter.
  2205 | D:3      | Found an ancient bone altar of Kikubaaqudgha.
  2211 | D:3      | Found a transporter.
  2244 | D:3      | Found a basalt altar of Yredelemnul.
  2248 | D:3      | Noticed Menkaure
  2302 | D:3      | Reached XP level 5. HP: 29/50 MP: 4/4
  3078 | D:4      | Found a white marble altar of Elyvilon.
  3743 | D:5      | Entered Level 5 of the Dungeon
  3811 | D:5      | Noticed an ice beast
  3851 | D:5      | Noticed Pikel
  3851 | D:5      | Noticed a lemure
  3851 | D:5      | Noticed a lemure
  3851 | D:5      | Noticed a lemure
  3851 | D:5      | Noticed a lemure
  3956 | D:4      | HP: 2/53 [Pikel/+2 whip of electrocution (5)]
  3956 | D:4      | Demolished by Pikel

Illustrated notes

Levels and vault maps discovered:
D:1:      sevenhm_arrival_forest_fort_large_2, layout_loops_corners
D:2:      layout_loops_corners, amethyst_overflow_temple_binary,
          chequers_ecumenical_altar_simple_redux
D:3:      layout_loops_ring, gammafunk_temple_of_torment, minmay_puff
D:4:      layout_layer_cave, kennysheep_mini_moat, minmay_misc_feat_alley
D:5:      layout_cave_pools, gammafunk_temple_overflow_forgotten, tgw_xom,
          uniq_pikel

Skill      XL: |  1  2  3  4  5 |
---------------+----------------+-----
Fighting       | 2 3 |  3.2
Unarmed Combat | 1 2 3 |  3.1
Throwing       | 4 |  4.8
Dodging        | |  1.5
Stealth        | |  0.3

Action                   |  1- 3 |  4- 6 || total
-------------------------+-------+-------++-------
Melee: Unarmed           |   109 |   176 ||   285
       Punch             |       |     2 ||     2
  Use: Potion            |       |     1 ||     1
 Stab: Sleeping          |       |     3 ||     3
Armor: Robe              |    46 |    82 ||   128
Dodge: Dodged            |    50 |   122 ||   172
